 Dungeon Crawl Stone Soup version 0.29-a0-1006-g0dd7720b37 (webtiles) character file.

Game seed: 7390195233540838398

714 kae the Insei (level 7, 0/57 HPs)
             Began as a Red Draconian Transmuter on Aug 6, 2022.
             Slain by a gnoll
             ... wielding a +0 flail
              (8 damage)
             ... on level 4 of the Dungeon.
             The game lasted 00:05:40 (6298 turns).

kae the Insei (Red Draconian Transmuter)            Turns: 6298, Time: 00:05:40

Health: 0/57       AC:  6    Str: 12    XL:     7   Next: 41%
Magic:  9/11       EV: 13    Int: 14    God:
Gold:   201        SH:  0    Dex: 13    Spells: 2/12 levels left

rFire   + . .      SeeInvis .     - Unarmed
rCold   + . .      Faith    .   (no shield)
rNeg    . . .      Spirit   .   (body armour unavailable)
rPois   .          Reflect  .   (helmet restricted)
rElec   .          Harm     .   (no cloak)
rCorr   .          Rampage  .   (no gloves)
Will    .....                   (no boots)
Stlth   +.........              (no amulet)
HPRegen 0.19/turn               C - ring of protection from cold
MPRegen 0.12/turn               (no ring)

@: very slightly contaminated
A: breathe fire, AC +6, unfitting armour, fire resistance 1, cold-blooded
a: Breathe Fire


You were on level 4 of the Dungeon.
You visited 1 branch of the dungeon, and saw 5 of its levels.
You also visited: Sewer.

You collected 201 gold pieces.


Innate Abilities, Weirdness & Mutations

You can breathe blasts of fire.
Your fiery red scales are hard. (AC +6)
You cannot fit into any form of body armour.
Your flesh is heat resistant. (rF+)
You are cold-blooded and may be slowed by cold attacks.


   Skills:
 + Level 3.4 Fighting
 + Level 3.1 Dodging
 * Level 5.1 Unarmed Combat
 + Level 3.2 Spellcasting
 + Level 3.3 Transmutations
 * Level 1.1 Ice Magic
 - Level 3.0 Poison Magic


You had 2 spell levels left.
You knew the following spells:

 Your Spells              Type           Power      Damage    Failure   Level
a - Beastly Appendage     Tmut           22%        N/A       5%          1
b - Wereblood             Tmut           11%        N/A       8%          2
c - Spider Form           Tmut/Pois      11%        N/A       17%         3
d - Ice Form              Ice/Tmut       8%         N/A       63%         4

Your spell library contained the following spells:

 Spells                   Type           Power      Damage    Failure   Level
 Static Discharge         Conj/Air       2%         3-4/arc   32%         2
 Dispel Undead            Necr           2%         3d7       91%         4
 Sticky Flame             Conj/Fire      2%         2d3       91%         4

Inventory:

Missiles
 b - 25 stones
 g - a curare-tipped dart {=f}
 j - 15 poisoned darts
 l - 4 javelins
Magical Staves
 r - a staff of poison {!a}
   (You found it on level 3 of the Dungeon)
Jewellery
 p - an amulet of magic regeneration
   (You found it on level 4 of the Dungeon)
 C - a ring of protection from cold (left hand)
   (You found it on level 1 of the Dungeon)
Scrolls
 d - a scroll of teleportation {@r4}
 f - a scroll of fog
 k - a scroll of noise {!r}
 o - a scroll of vulnerability {unknown}
 q - a scroll of acquirement {unknown}
Potions
 a - a potion of lignification {!q}
 c - a potion of haste {unknown}
 e - 4 potions of attraction {unknown}
 h - a potion of magic {unknown}
 i - a potion of mutation {unknown}
 m - a potion of flight {unknown}
 n - 2 potions of brilliance {unknown}

Dungeon Overview and Level Annotations

Branches:
Dungeon (5/15) Zot: 25002   Sewer (visited)
 Temple: D:4-7

Altars:
Gozag
Wu Jian
The Shining One

Shops:
D:3 [

Annotations:
D:1 2 runed translucent doors

### #..###.## # #.# #..##..# #
#.### #..##..#### # ##..#####
##.........## ###
###.....#####........#..####..
#........................[....
#.'########'.#.......##'##....
#.#........#..)))....#~~~#....
#.#.+####'.#.@#<[###.#~~~#.##.
##.#.#....#.#.g#..# #.#~.~#.###
#..#.#.##.#.#.##..# #.#~~~#.#
#..#.#.##.#.#O##..# #.#~~~#.#
#..#.#....#.#.##..###.#####.#
#..#.+####'.#.##..##........##
#..#........#.##..##..###....##
#..+########'.##..##..# ####..#
#.............##..##.## ##..


You could see an ogre and a gnoll.


Message History

😎 HP[+9]
Your hp is fully restored (57).
There is a stone staircase leading down here.
Casting: Spider Form (dangerous; 17% risk of failure)
Confirm with . or Enter, or press ? or * to list all spells.
You turn into a venomous arachnid creature. 😎 MP[-3]
You lost 3 mp, and now have 8/11 mp.
You climb downwards.
There is a stone staircase leading up here.
You hit the gnoll but do no damage. The gnoll closely misses you.
You hit the gnoll but do no damage. The gnoll barely misses you. x2
You barely miss the gnoll. The gnoll closely misses you.
The gnoll hits you with a +0 whip.
You barely miss the gnoll. The gnoll hits you with a +0 whip.
The gnoll barely misses you. 😕 HP[-8]
You take 8 damage, and now have 49/57 hp.
You bite the gnoll! The gnoll closely misses you.
The gnoll hits you with a +0 whip.
You bite the gnoll!
You kill the gnoll! 😕 HP[-2] MP[+1]
You take 2 damage, and now have 47/57 hp.
You completely miss the gnoll. The gnoll misses you.
You hit the gnoll but do no damage.
The gnoll is poisoned.
Your transformation is almost over.
The gnoll completely misses you.
You hit the gnoll.
The gnoll looks as sick as possible!
The gnoll closely misses you.
Unknown command.
You bite the gnoll!
You kill the gnoll!
Things that are here:
a +0 whip; a +0 mace; a gnoll corpse; 😕 HP[+1] 😕 MP[+1]
Your transformation has ended. 😕 HP[+1]
You grow a pair of large bovine horns.
Your feet morph into talons. 😕 MP[-1]
You lost 1 mp, and now have 9/11 mp.
Your transformation is almost over.
Your horns disappear.
Your talons disappear.
Key pressed, stopping explore.
Things that are here:
a +0 whip; a +1 dagger of venom; a gnoll corpse 😎 HP[+8] MP[+2]
Your hp is fully restored (57).
Your mp is fully restored (11).
Done exploring.
Done exploring.
Done exploring.
Done exploring.
Done exploring.
(D) Dungeon
Where to? (Enter - D:5, ? - help)
There is an open door here.
Things that are here:
a +0 club; a gnoll skeleton
There is a stone staircase leading down here.
You climb downwards.
The ogre closely misses you.
There is a stone staircase leading up here.
There are monsters nearby!
Okay, then.
Casting: Beastly Appendage (safe; 5% risk of failure)
Confirm with . or Enter, or press ? or * to list all spells.
You miscast Spider Form.
You are very lightly contaminated with residual magic.
Multicoloured lights dance before your eyes.
The ogre shouts!
The gnoll shouts!
The ogre misses you. 😎 MP[-3]
You lost 3 mp, and now have 8/11 mp.
The ogre hits you with a +0 giant spiked club!!
The gnoll hits you with a +0 flail.
You climb upwards.
There is a stone staircase leading down here. 😮 HP[-27]
You take 27 damage, and now have 30/57 hp.
MASSIVE DAMAGE!! (PAUSE)
The gnoll barely misses you. 😮 HP[+1]
The gnoll closely misses you. The gnoll hits you with a +0 flail!
* * * LOW HITPOINT WARNING * * *
😨 HP[-10]
You take 10 damage, and now have 21/57 hp.
There is an open door here.
The gnoll attacks as you move away! The gnoll hits you with a +0 flail!
* * * LOW HITPOINT WARNING * * *
😱 HP[-7] MP[+1]
You take 7 damage, and now have 14/57 hp. 😨 HP[+1]
The gnoll attacks as you move away! The gnoll misses you.
The gnoll attacks as you move away! The gnoll closely misses you.
The gnoll attacks as you move away! The gnoll hits you with a +0 flail!
* * * LOW HITPOINT WARNING * * *
😱 HP[-7]
You take 7 damage, and now have 8/57 hp.
The gnoll attacks as you move away! The gnoll hits you with a +0 flail!
You die...

Skill      XL: |  1  2  3  4  5  6  7 |
---------------+----------------------+-----
Dodging        | 2 3 |  3.1
Fighting       | 2 3 |  3.4
Poison Magic   | 1 2 3 |  3.0
Unarmed Combat | 4 5 |  5.1
Transmutations | 3 |  3.3
Spellcasting   | 3 |  3.2
Ice Magic      | 1 |  1.1

Action                   |  1- 3 |  4- 6 |  7- 9 || total
-------------------------+-------+-------+-------++-------
Melee: Unarmed           |   103 |   288 |    22 ||   413
       Kick              |    17 |    13 |       ||    30
       Headbutt          |     8 |     5 |       ||    13
       Tailslap          |     8 |    23 |       ||    31
       Punch             |       |     4 |       ||     4
 Cast: Beastly Appendage |    26 |     8 |     1 ||    35
       Spider Form       |     3 |    26 |     3 ||    32
       Wereblood         |     1 |       |       ||     1
 Abil: Breathe Fire      |       |       |     1 ||     1
  Use: Scroll            |       |    10 |       ||    10
 Stab: Sleeping          |     1 |       |       ||     1
Armor: Skin              |    20 |    13 |     7 ||    40
Dodge: Dodged            |    55 |   116 |    62 ||   233

Levels and vault maps discovered:
D:1:      erik_arrival_cave_to_civilisation [erik_arrival_cave_to_temple],
          layout_loops_ring, dreamdust_ecumenical_altar_grove
D:2:      layout_rooms, basic_altar, nicolae_kite_square_tiling_tiny
D:3:      layout_basic, mainiacjoe_overflow_catwalk, serial_shops, shop_statue,
          amcnicky_mini_pool_small, minmay_hedge_maze, hex_medium, uniq_robin
D:4:      wander_river, layout_layer_cave, nicolae_wu_jian_wuxing_cycle,
          gup_sewer_entry_glass, minivault_11
D:5:      layout_cave_pools, mainiacjoe_overflow_big_doors,
          minmay_temple_entry_tees, serial_bayou, serial_bayou_lagoon_b,
          serial_bayou_lake_a, serial_bayou_pond_e, serial_bayou_lagoon_a,
          nicolae_specific_store, chequers_garden, uniq_pikel

Notes
Turn   | Place    | Note
-------+----------+-------------------------------------------
     0 | D:1      | kae the Draconian Transmuter began the quest for the Orb.
     0 | D:1      | Reached XP level 1. HP: 16/16 MP: 3/3
     0 | D:1      | magus.rc [v1.11.3]
   196 | D:1      | Found a large runed translucent door.
   196 | D:1      | Found a large runed translucent door.
   197 | D:1      | Noticed an orc wizard
   197 | D:1      | Noticed an orc wizard
   202 | D:1      | Noticed an orc warrior
   203 | D:1      | Noticed an orc priest
   204 | D:1      | Noticed an orc priest
   261 | D:1      | Reached XP level 2. HP: 11/23 MP: 3/5
   449 | D:1      | Reached skill level 2 in Dodging
   468 | D:1      | Found a faded altar of an unknown god.
  1293 | D:2      | Learned a level 2 spell: Wereblood
  1440 | D:2      | Reached XP level 3. HP: 29/29 MP: 4/6
  1444 | D:2      | Learned a level 3 spell: Spider Form
  1696 | D:2      | Found a glowing golden altar of the Shining One.
  1919 | D:2      | Reached skill level 2 in Fighting
  2434 | D:3      | Noticed Robin
  2476 | D:3      | Killed Robin
  2477 | D:3      | Reached XP level 4. HP: 21/36 MP: 3/7
  2939 | D:3      | Noticed a necrophage
  3046 | D:3      | Killed a necrophage
  3047 | D:3      | Reached skill level 1 in Poison Magic
  3047 | D:3      | Reached XP level 5. HP: 41/42 MP: 3/8
  3110 | D:3      | Found Epux's Armour Shop.
  3121 | D:3      | Found an opulent altar of Gozag.
  3283 | D:3      | Reached skill level 4 in Unarmed Combat
  3509 | D:4      | Found a glowing drain.
  3571 | D:4      | Reached skill level 2 in Poison Magic
  3626 | Sewer    | Entered a sewer
  3760 | Sewer    | Reached XP level 6. HP: 48/50 MP: 4/10
  4260 | Sewer    | Reached skill level 3 in Fighting
  4260 | Sewer    | Reached skill level 3 in Transmutations
  4873 | Sewer    | Reached skill level 3 in Spellcasting
  4873 | Sewer    | Reached skill level 3 in Poison Magic
  4940 | D:4      | Learned a level 4 spell: Ice Form
  5156 | D:4      | Found an ornate altar of the Wu Jian Council.
  5347 | D:4      | You pick up a book of Touch and begin reading...
  5347 | D:4      | You add the spells Static Discharge, Sticky Flame and
                  | Dispel Undead to your library.
  5600 | D:4      | Reached skill level 3 in Dodging
  5600 | D:4      | Your scales start taking on a fiery red colour.
  5600 | D:4      | Reached XP level 7. HP: 33/57 MP: 7/11
  5600 | D:4      | Gained mutation: Your flesh is heat resistant. (rF+) [Red
                  | Draconian growth]
  5926 | D:5      | Entered Level 5 of the Dungeon
  5938 | D:4      | Reached skill level 5 in Unarmed Combat
  5991 | D:4      | Reached skill level 1 in Ice Magic
  6291 | D:4      | HP: 14/57 [gnoll/+0 flail (7)]
  6297 | D:4      | HP: 8/57 [gnoll/+0 flail (7)]
  6298 | D:4      | Slain by a gnoll

Vanquished Creatures
  A black bear (D:4)
  3 kobold brigands (Sewer)
  A necrophage (D:3)
  A scorpion (D:4)
  A hound (D:3)
  An iguana (D:3)
  Robin (D:3)
  3 gnolls (D:4)
  9 adders
  A river rat (Sewer)
  3 worms
  A dart slug (D:2)
  7 orcs
  10 endoplasms
  3 giant cockroaches
  14 goblins
  8 hobgoblins
  14 kobolds
  5 quokkas
  8 ball pythons
  3 bats
  2 frilled lizards
  10 rats
  A bush (D:3)
111 creatures vanquished.

Table legend:
 A = Non-vault XP
 B = Vault XP
 C = Vault XP percentage of total XP
 D = Non-vault monster count
 E = Vault monster count
 F = Vault count percentage of total count
                 A         B        C        D         E       F
            +---------+---------+-------+---------+---------+-------
      Total |     529 |     492 |  48.2 |      62 |      48 |  43.6
            +---------+---------+-------+---------+---------+-------
        D:1 |      31 |       3 |   8.8 |      18 |       2 |  10.0
        D:2 |      31 |       0 |   0.0 |      16 |       0 |   0.0
        D:3 |     189 |      37 |  16.4 |      12 |      12 |  50.0
        D:4 |     278 |      57 |  17.0 |      16 |       6 |  27.3
      Sewer |       0 |     395 | 100.0 |       0 |      28 | 100.0
            +---------+---------+-------+---------+---------+-------

Illustrated notes

Table legend:
 A = Kills in this place as a percentage of kills in entire the game.
 B = Kills by you in this place as a percentage of kills by you in the entire game.
 C = Kills by friends in this place as a percentage of kills by friends in the entire game.
 D = Other kills in this place as a percentage of other kills in the entire game.
 E = Experience gained in this place as a percentage of experience gained in the entire game.
 F = Experience gained in this place divided by the number of levels of this place that you have seen.
                   A       B       C       D       E      F
               +-------+-------+-------+-------+-------+----------------------
         Total | 100.0 | 100.0 |   N/A |   N/A | 100.0 | 170.2
       Dungeon |  74.5 |  74.5 |   N/A |   N/A |  61.3 | 125.2
         Sewer |  25.5 |  25.5 |   N/A |   N/A |  38.7 | 395.0
               +-------+-------+-------+-------+-------+----------------------

Table legend: (Time is in decaauts)
 A = Elapsed time spent in this place.
 B = Non-inter-level travel time spent in this place.
 C = Inter-level travel time spent in this place.
 D = Time resting spent in this place.
 E = Time spent auto-exploring this place.
 F = Levels seen in this place.
 G = Mean time per level.
                   A        B        C        D        E       F      G
               +--------+--------+--------+--------+--------+-----+--------+
         Total |   6458 |   6329 |    129 |    749 |   4539 |   6 | 1076.3 |
       Dungeon |   4997 |   4868 |    129 |    690 |   3416 |   5 |  999.4 |
         Sewer |   1460 |   1460 |      0 |     59 |   1122 |   1 | 1460.0 |
               +--------+--------+--------+--------+--------+-----+--------+

Top non-repeatable levels by time:
     D:1: 1499 daAuts
   Sewer: 1460 daAuts
     D:4: 1331 daAuts
     D:3: 1282 daAuts
     D:2: 876 daAuts
     D:5: 7 daAuts
